 Dungeon Crawl Stone Soup version 0.22-a0-307-g2b15929 (webtiles) character file.

349128 Amnesiac the Cloud Mage (level 22, -3/175 HPs)
             Began as a Barachi Air Elementalist on Apr 1, 2018.
             Was a High Priest of Sif Muna.
             Slain by a tentacle (13 damage)
             ... attached to a kraken
             ... on level 2 of the Shoals.
             The game lasted 02:43:28 (80814 turns).

Amnesiac the Cloud Mage (Barachi Air Elementalist) Turns: 80814, Time: 02:43:28

Health: -3/175     AC: 13    Str:  8    XL:     22   Next: 51%
Magic:  0/61       EV: 26    Int: 24    God:    Sif Muna [*****.]
Gold:   4253       SH: 19    Dex: 25    Spells: 8/56 levels left

rFire    . . .     SeeInvis .   a - staff of air
rCold    . . .     Gourm    .   i - +1 large shield {AC+3}
rNeg     . . .     Faith    .   v - +2 robe {Archmagi}
rPois    .         Spirit   +   o - +2 hat {MR+}
rElec    +         Reflect  .   y - scarf {repulsion}
rCorr    .         Harm     .   S - +2 pair of gloves {Dex+3}
MR       ++++.                  I - +0 pair of boots
Stlth    +++.......             m - amulet of Bigul {Spirit MR++ Str+3}
HPRegen  0.39/turn              j - ring "Ulaeseku" {MP+9 Str-4 Dex+7 Slay+2}
MPRegen  0.37/turn              N - ring of magical power

@: no casting, repel missiles, slow
A: +LOS, swims, slowness 1, strong legs 2
}: 1/15 runes: gossamer
a: Hop, Stop Divine Energy, Channel Magic, Forget Spell, Renounce Religion


You were on level 2 of the Shoals.
You worshipped Sif Muna.
Sif Muna was extremely pleased with you.
You were not hungry.

You visited 7 branches of the dungeon, and saw 37 of its levels.
You also visited: Trove, Ossuary, Bailey and Ice Cave.

You collected 6689 gold pieces.
You spent 2436 gold pieces at shops.

Inventory:

Hand Weapons
 f - a +9 quick blade of electrocution
 J - the +6 hunting sling of Muac {venom, rPois}
   (You found it on level 12 of the Dungeon)

   It poisons the ammo it fires.
   It protects you from poison.
Missiles
 g - 10 throwing nets
 G - 923 stones (quivered)
 H - 217 sling bullets
Armour
 e - a +0 shield of resistance
 i - a +1 large shield of protection (worn)
 o - a +2 hat of magic resistance (worn)
 v - a +2 robe of the Archmagi (worn)
 y - a scarf of repulsion (worn)
 I - a +0 pair of boots (worn)
 S - a +2 pair of gloves of dexterity (worn)
Magical Staves
 a - an uncursed staff of air (weapon)
 b - an uncursed staff of power
Jewellery
 j - the ring "Ulaeseku" (left hand) {MP+9 Str-4 Dex+7 Slay+2}
   (You bought it in a shop on level 1 of the Elven Halls)

   [ring of slaying]

   It affects your strength (-4).
   It affects your dexterity (+7).
   It affects your accuracy and damage with ranged weapons and melee attacks
   (+2).
   It affects your magic capacity (+9).
 m - the amulet of Bigul (around neck) {Spirit MR++ Str+3}
   (You bought it in a shop on level 3 of the Elven Halls)

   [amulet of guardian spirit]

   It causes incoming damage to be split between your health and magic.
   It affects your strength (+3).
   It affects your resistance to hostile enchantments.
 p - an uncursed ring of resist corrosion
 A - an uncursed ring of wizardry
 N - a ring of magical power (right hand)
 Q - the ring "Doicsue" {rElec rPois rF+ rN+ MR-}
   (You took it off a tengu reaver on level 2 of the Depths)

   [ring of positive energy]

   It protects you from fire.
   It insulates you from electricity.
   It protects you from poison.
   It protects you from negative energy.
   It affects your resistance to hostile enchantments.
Scrolls
 d - 17 scrolls of remove curse {!r}
 k - 5 scrolls of amnesia {!r}
 q - 10 scrolls of magic mapping {!r}
 r - 17 scrolls of teleportation {!r}
 w - 6 scrolls of enchant weapon {!r}
 x - 3 scrolls of fog {!r}
 z - 3 scrolls of summoning {!r}
 C - a scroll of blinking {!r}
 F - 10 scrolls of identify {!r}
 M - 9 scrolls of fear {!r}
 O - a scroll of silence {!r}
Potions
 h - 4 potions of haste {!q}
 l - 7 potions of flight {!q}
 s - 7 potions of heal wounds {!q}
 t - 4 potions of might {!q}
 u - 2 potions of agility {!q}
 D - 5 potions of curing {!q}
 E - 8 potions of mutation {!q}
 K - 2 potions of cancellation {!q}
 L - 2 potions of magic {!q}
Miscellaneous
 B - a lamp of fire
Comestibles
 c - 26 rations
 n - 7 chunks of flesh


   Skills:
 - Level 15.1 Fighting
 + Level 6.9 Staves
 - Level 15.0 Dodging
 - Level 1.7 Stealth
 - Level 15.0 Shields
 + Level 17.9 Spellcasting
 - Level 1.1 Conjurations
 + Level 3.2 Hexes
 * Level 24.3 Air Magic
 - Level 8.0 Invocations
 - Level 1.5 Evocations


You had 8 spell levels left.
You knew the following spells:

 Your Spells              Type           Power        Failure   Level  Hunger
a - Airstrike             Air            ########..   0%          4    None
b - Confusing Touch       Hex            ######       2%          1    None
c - Lightning Bolt        Conj/Air       ########..   1%          5    None
d - Shock                 Conj/Air       ####         1%          1    None
e - Mephitic Cloud        Conj/Pois/Air  #######.     1%          3    None
f - Conjure Ball Lightni  Conj/Air       ########..   7%          6    ###....
g - Apportation           Tloc           ####..       9%          1    None
h - Summon Butterflies    Summ           ####....     9%          1    None
i - Ozocubu's Armour      Chrm/Ice       ####....     26%         3    None
j - Tornado               Air            ########..   41%         9    #######
r - Regeneration          Chrm/Necr      ####......   26%         3    None
s - Summon Lightning Spi  Summ/Air       ########     1%          4    None
v - Blink                 Tloc           N/A          13%         2    None
w - Conjure Flame         Conj/Fire      #####...     21%         3    None
z - Swiftness             Chrm/Air       ########     1%          2    None


Dungeon Overview and Level Annotations

Branches:
Dungeon (15/15)            Temple (0/1) D:6            Lair (6/6) D:11
 Shoals (2/4) Lair:3       Spider (4/4) Lair:3        Slime (0/5) Lair:6
    Orc (2/2) D:9             Elf (3/3) Orc:2        Vaults (0/5) D:13
 Depths (5/5) D:15            Zot (0/5) Depths:5

Altars:
Ashenzari
Dithmenos
Makhleb
Nemelex Xobeh
Qazlal
Sif Muna
Uskayaw
Xom
Yredelemnul
The Shining One
Beogh
Lugonu

Shops:
D:4 ::   D:7 (   D:13 ?   Orc:2 [!![   Elf:1 =**[=   Elf:3 (=%[
Depths:1 (}[*(

Portals:
Hell: Lair:6 Depths:1 Depths:2 Depths:3 Depths:4 Depths:5
Abyss: Depths:2 Depths:3 Depths:4 Depths:5
Pandemonium: Depths:1 Depths:2 Depths:3
Ziggurat: Depths:5

Annotations:
Depths:1 exclusion: door


Innate Abilities, Weirdness & Mutations

Shadows flee at your approach. (+LOS)
You can swim through water.
You cover ground slowly.
You can hop long distances.


Message History

The tentacle slaps you but does no damage.
The tentacle completely misses you.
You are unable to access your magic!
You are unable to access your magic!
The tentacle misses you.
You hit the tentacle but do no damage.
The tentacle is electrocuted!
The tentacle is moderately wounded.
You regain access to your magic.
The tentacle completely misses you. You block the tentacle's attack.
A tentacle segment bursts forth from the water. x4
Tentacles burst out of the water!
The tentacle completely misses you. 2 tentacles come into view.
You hit the tentacle but do no damage.
The tentacle is electrocuted!
The tentacle is heavily wounded.
You block the tentacle's attack. The tentacle slaps you.
You block the tentacle's attack.
You swing at nothing.
Tentacles burst out of the water! 4 tentacles come into view.
The tentacle misses you.
Casting: Airstrike (safe; 0% risk of failure)
Confirm with . or Enter, or press ? or * to list all spells.
Aiming: Airstrike (safe; 0% risk of failure)
Press: ? - help, Dir - move target cursor, f/p - kraken
Aim: a kraken (ink, water, severely wounded)
You feel a strong surge of power!
The air twists around and strikes the kraken!
The kraken is severely wounded.
Casting: Airstrike (safe; 0% risk of failure)
Confirm with . or Enter, or press ? or * to list all spells.
Aiming: Airstrike (safe; 0% risk of failure)
Press: ? - help, Dir - move target cursor, f/p - kraken
Aim: a kraken (ink, water, severely wounded)
You feel a strong surge of power!
The air twists around and strikes the kraken!
The kraken is almost dead.
Sif Muna grants you divine energy.
You briefly lose access to your magic!
You are unable to access your magic!
The kraken bites you!
The kraken squirts a massive cloud of ink into the water!
You hit the kraken but do no damage.
The kraken is electrocuted!
The kraken is almost dead.
Tentacles burst out of the water! 4 tentacles come into view.
You hit the kraken but do no damage.
The kraken is electrocuted!
The kraken is almost dead.
You block the kraken's attack. The tentacle completely misses you.
You block the tentacle's attack. The kraken bites you!!!
* * * LOW HITPOINT WARNING * * *
You hit the kraken but do no damage.
The kraken is electrocuted!
The kraken is almost dead.
You block the tentacle's attack. x2
A tentacle segment bursts forth from the water.
The kraken bites you!
* * * LOW HITPOINT WARNING * * *
The tentacle completely misses you. The tentacle slaps you!
* * * LOW HITPOINT WARNING * * *
The tentacle barely misses you.
You hit the kraken but do no damage.
The kraken is almost dead.
The kraken bites you!!!
* * * LOW HITPOINT WARNING * * *
The tentacle slaps you!
You die...

≈≈≈≈≈≈≈≈≈≈...........≈≈≈≈≈≈≈≈≈≈≈≈
≈≈≈≈≈≈≈≈≈............≈≈≈≈≈≈≈≈≈≈≈≈
≈≈≈≈≈≈≈≈..............≈≈≈≈≈≈≈≈≈≈≈
≈≈≈≈≈≈≈≈............)≈≈≈≈≈≈≈≈≈≈≈≈
≈≈≈≈≈≈...≈≈..≈≈.....≈≈≈≈≈≈≈≈≈≈≈≈≈
≈#######.≈≈#######..≈≈≈≈≈≈..≈≈≈≈≈
≈≈≈≈§≈§w#≈≈≈≈≈≈≈.).≈≈≈≈≈
≈≈≈§≈§wX#≈≈≈(≈)≈.#.≈≈≈≈≈
≈≈≈≈§§w@#≈≈≈≈≈≈....≈≈≈≈≈
≈≈≈≈§≈w§#≈≈≈≈≈≈≈≈≈≈≈≈≈≈≈
≈≈≈≈§§§§#≈≈≈≈≈≈≈≈≈≈≈≈≈≈≈
(≈≈§§≈§§#≈≈≈≈≈≈≈≈≈≈≈≈≈≈≈
≈≈≈≈≈..≈≈≈≈≈≈≈≈≈≈≈≈≈≈≈≈≈ .
<≈≈≈....≈≈≈≈≈≈≈≈≈≈≈≈≈≈≈≈ ..
≈≈≈≈≈...≈.≈≈≈≈≈≈≈≈≈≈≈≈≈≈≈ ≈#
≈≈≈≈≈.≈..#≈)≈≈≈≈≈≈≈≈≈≈≈≈≈ .#
≈≈≈≈≈...≈#≈≈≈≈≈≈≈≈≈≈≈≈≈≈≈


You could see a kraken and 4 tentacles.

Vanquished Creatures
  A juggernaut (Depths:2)
  Bai Suzhen (Depths:3)
  Saint Roka (Depths:2)
  Xtahua (Depths:5)
  3 caustic shrikes
  A golden dragon (Depths:2)
  Nikola (Depths:1)
  Arachne (Spider:3)
  An Ice Fiend (IceCv)
  Rupert (Spider:1)
  4 tentacled monstrosities
  A lich (Depths:1)
  A quicksilver dragon (Depths:2)
  2 deep elf blademasters
  2 deep elf master archers (Elf:3)
  A sphinx (Depths:1)
  Frances (Lair:3)
  Kirke (D:14)
  Agnes (D:14)
  5 storm dragons
  4 tengu reavers
  A shadow dragon (Depths:3)
  5 fire giants
  5 frost giants
  2 deep elf sorcerers
  2 iron dragons
  Aizul (Depths:3)
  4 ghost moths
  Louise (D:15)
  A caustic shrike zombie (Depths:4)
  8 emperor scorpions
  A deep elf elementalist (Elf:3)
  A spriggan defender (Depths:4)
  10 stone giants
  5 very ugly things
  4 vampire knights
  Nessos (D:15)
  2 black draconians (Depths:5)
  2 deep elf demonologists
  6 deep elf annihilators
  3 yellow draconians (Depths:5)
  2 deep elf death magi
  6 spark wasps
  6 ettins
  6 fire dragons
  Josephine (D:10)
  3 deep elf high priests
  4 great orbs of eyes
  4 vault guards (D:13)
  Erolcha (D:12)
  4 yaktaur captains
  8 spriggan air magi
  7 hydras
  4 rakshasas
  Fannar (D:11)
  4 ice dragons
  Erica (D:13)
  2 catoblepae (Lair:6)
  A merfolk avatar (Shoals:1)
  A hell beast (Depths:2)
  14 two-headed ogres
  7 centaur warriors
  3 ogre magi
  3 deep troll shamans
  2 death yaks (Lair:6)
  23 dancing weapons
  4 tengu warriors
  4 orc high priests (Orc:2)
  A hell hog (Depths:1)
  Urug (D:10)
  2 spriggan berserkers
  5 deep troll earth magi
  2 spriggans
  3 skeletal warriors (D:14)
  17 deep elf knights
  A sixfirhy (Lair:6)
  3 sea snakes
  7 hell knights
  Nergalle (Lair:4)
  8 deep trolls
  A death drake (shapeshifter) (Depths:4)
  5 wizards
  2 flayed ghosts
  2 unseen horrors
  9 deep elf archers
  3 glowing orange brains
  3 necromancers
  15 orb spiders
  A mana viper (shapeshifter) (Depths:2)
  2 orc knights
  25 wolf spiders
  A lindwurm (shapeshifter) (Depths:5)
  9 harpies
  The ghost of Oozefury the Changer, a novice BaTm (D:5)
  3 orc sorcerers
  49 deep elf magi
  The ghost of xccam the Cleaver, a novice FoFi (D:6)
  10 ugly things
  2 oklob plants
  7 manticores
  3 cyclopes
  A moth of wrath (shapeshifter) (Elf:2)
  12 elephants
  2 merfolk sirens (Shoals:2)
  2 moths of wrath (Spider:4)
  6 black mambas
  An ice statue (IceCv)
  2 water nymphs (Shoals:1)
  A smoke demon (Lair:6)
  2 torpor snails
  A gargoyle (D:14)
  3 orange demons (Lair:6)
  9 spiny frogs
  A storm dragon simulacrum (Depths:4)
  3 kobold demonologists
  7 komodo dragons
  11 demonic crawlers
  24 yaktaurs
  An efreet (D:15)
  5 tengu conjurers
  4 anaconda simulacra (IceCv)
  11 rime drakes
  7 ice devils
  8 trolls
  2 merfolk
  24 jumping spiders
  4 tyrant leeches
  3 meliai (D:13)
  2 jumping spiders (shapeshifter)
  11 blink frogs
  Prince Ribbit (D:7)
  8 hornets
  A wind drake (Shoals:1)
  A wind drake (shapeshifter) (Depths:1)
  A blink frog (shapeshifter) (Depths:2)
  4 dream sheep (Lair:5)
  25 slime creatures
  A snapping turtle (Shoals:2)
  10 hippogriffs
  A meliai zombie (D:13)
  A dream sheep (shapeshifter) (Depths:4)
  52 redbacks
  4 air elementals
  26 tarantellas
  6 water elementals
  4 dire elephant simulacra (IceCv)
  A ynoxinul (Depths:2)
  2 shadows
  2 fire elementals (Elf:2)
  3 wraiths
  A human (D:5)
  39 yaks
  2 hungry ghosts
  5 wyverns (Lair:6)
  8 basilisks
  2 death yak simulacra (IceCv)
  4 hogs (D:14)
  2 chaos spawn (Depths:2)
  Menkaure (D:4)
  2 iron troll simulacra (IceCv)
  A warg (Orc:1)
  2 harpy simulacra (IceCv)
  9 vampire mosquitoes
  A soldier ant (D:8)
  7 swamp worms (Spider:2)
  Duvessa (D:4)
  An acid dragon (D:14)
  16 water moccasins
  2 hydra simulacra (IceCv)
  8 hell hounds
  5 porcupines
  2 black bears
  5 phantoms
  26 orc warriors
  4 ice beasts
  2 sky beasts
  A necrophage (D:13)
  An alligator simulacrum (IceCv)
  An ettin simulacrum (IceCv)
  17 ogres
  9 boggarts
  An eye of draining (D:11)
  16 wolves
  26 centaurs
  13 crocodiles
  4 big kobolds
  13 bullfrogs
  Blork the orc (D:4)
  6 earth elementals
  A wyvern zombie (D:13)
  12 gnoll sergeants
  4 scorpions
  Dowan (D:4)
  An elephant simulacrum (IceCv)
  6 killer bees (D:10)
  2 electric eels
  3 crimson imps
  4 bullfrog zombies
  7 gnoll shamans
  4 draconian simulacra (IceCv)
  A human zombie (D:4)
  6 jellies
  25 orc priests
  6 hounds
  4 bullfrog skeletons
  5 centaur skeletons
  An iron imp (Depths:3)
  Natasha (thrice) (D:4)
  A human skeleton (D:4)
  2 iguanas
  41 orc wizards
  A polar bear simulacrum (IceCv)
  7 worker ants
  2 spriggan simulacra (IceCv)
  3 troll simulacra (IceCv)
  2 wolf simulacra (IceCv)
  2 centaur simulacra (IceCv)
  A hound zombie (D:10)
  2 human simulacra (D:11)
  A hound skeleton (D:6)
  3 worker ant zombies
  18 gnolls
  20 adders
  A naga simulacrum (IceCv)
  3 ogre simulacra (IceCv)
  2 shadow imps
  8 white imps (IceCv)
  5 ufetubi
  4 oozes
  An adder skeleton (D:5)
  An adder zombie (D:5)
  2 dart slugs (D:1)
  15 worms
  4 leopard geckos
  115 orcs
  2 ball pythons
  12 giant cockroaches
  11 goblins
  6 hobgoblins
  15 jackals
  20 kobolds
  A quokka (D:2)
  9 bats
  5 frilled lizards
  A goblin zombie (Ossuary)
  6 hobgoblin zombies (Ossuary)
  7 kobold zombies (Ossuary)
  3 orc skeletons (D:4)
  9 orc zombies
  A quokka skeleton (D:6)
  11 rats
  3 fungi (Lair:6)
1507 creatures vanquished.

Vanquished Creatures (collateral kills)
  A caustic shrike (Depths:2)
  A tentacled monstrosity (Depths:4)
  2 deep elf blademasters (Elf:3)
  A fire giant (Depths:2)
  A frost giant (Depths:2)
  2 deep elf sorcerers (Elf:3)
  4 emperor scorpions (Spider:4)
  A deep elf elementalist (Elf:3)
  5 stone giants
  An entropy weaver (Spider:2)
  7 very ugly things
  2 deep elf demonologists (Elf:3)
  2 deep elf annihilators (Elf:3)
  3 ettins
  A yaktaur captain (Depths:5)
  2 deep elf death magi (Elf:3)
  2 fire dragons (Depths:1)
  3 deep elf high priests (Elf:3)
  An ice dragon (Depths:2)
  2 rakshasas (Depths:2)
  2 centaur warriors
  A catoblepas (D:12)
  A catoblepas (shapeshifter) (Depths:5)
  4 deep troll shamans
  A two-headed ogre (D:13)
  An alligator snapping turtle (Shoals:2)
  A death yak (Lair:6)
  A deep troll earth mage (Depths:1)
  2 hell hogs (Depths:1)
  A deep elf knight (Elf:2)
  3 spriggan berserkers
  A hell knight (Depths:5)
  2 iron trolls (D:15)
  2 deep trolls (D:15)
  A deep elf archer (Elf:2)
  3 ugly things
  A deep elf mage (Elf:2)
  An orc sorcerer (Depths:2)
  A frost giant skeleton (Depths:4)
  5 yaktaurs
  A demonic crawler (Spider:3)
  A jumping spider (Spider:3)
  A hornet (Depths:4)
  6 slime creatures
  2 redbacks
  7 yaks
  2 spriggans
  A chaos spawn (Depths:2)
  4 hell hounds (Depths:1)
  A floating eye (shapeshifter) (Depths:5)
  An orc warrior (Depths:2)
  A centaur (D:14)
  An ooze (Lair:6)
  3 orcs (Depths:2)
111 creatures vanquished.

Vanquished Creatures (others)
  8 ball lightnings (Lair:6)
  3 ugly things (D:14)
  A komodo dragon (Lair:6)
  A shadow (D:14)
  2 humans (D:14)
  A big kobold (D:11)
  A white imp (IceCv)
  2 ufetubi (IceCv)
  An orc (Depths:2)
  A kobold (D:11)
  A bush (Lair:6)
  10 fungi
  10 plants
  10 tentacles (Shoals:2)
52 creatures vanquished.

Grand Total: 1670 creatures vanquished

Notes
Turn   | Place    | Note
-------+----------+-------------------------------------------
     0 | D:1      | Amnesiac the Barachi Air Elementalist began the quest for the Orb.
     0 | D:1      | Reached XP level 1. HP: 13/13 MP: 3/3
   175 | D:1      | Reached XP level 2. HP: 19/19 MP: 2/5
   179 | D:1      | Learned a level 2 spell: Swiftness
   757 | D:1      | Reached XP level 3. HP: 24/24 MP: 5/8
  1332 | D:2      | Reached XP level 4. HP: 30/30 MP: 7/10
  1338 | D:2      | Learned a level 4 spell: Airstrike
  2294 | D:3      | Reached skill level 5 in Spellcasting
  2395 | D:3      | Reached XP level 5. HP: 35/35 MP: 10/12
  2760 | D:3      | Found a deep blue altar of Sif Muna.
  2769 | D:3      | Became a worshipper of Sif Muna the Loreminder
  2772 | D:3      | Reached skill level 4 in Air Magic
  3429 | D:4      | Found a shimmering altar of Xom.
  3429 | D:4      | Found a hide-covered altar of Uskayaw.
  3463 | D:4      | Reached skill level 5 in Air Magic
  3463 | D:4      | Reached XP level 6. HP: 30/41 MP: 3/13
  3494 | D:4      | Found a sand-covered staircase.
  3501 | D:4      | Noticed Blork the orc
  3618 | D:4      | Killed Blork the orc
  3788 | Ossuary  | Entered an ossuary
  4005 | Ossuary  | Reached skill level 6 in Air Magic
  4143 | Ossuary  | HP: 2/41 [centaur zombie (3)]
  4743 | D:4      | Noticed Natasha
  4752 | D:4      | Found Pehom's Book Emporium.
  4754 | D:4      | You fall through a shaft for 2 floors!
  4849 | D:6      | Found a glowing golden altar of the Shining One.
  4858 | D:6      | Reached skill level 7 in Air Magic
  4858 | D:6      | Reached XP level 7. HP: 46/46 MP: 0/14
  4954 | D:5      | Entered Level 5 of the Dungeon
  4970 | D:5      | Reached * piety under Sif Muna
  4994 | D:5      | HP: 2/46 [poisoned by a worker ant]
  5251 | D:4      | Killed Natasha
  5324 | D:4      | Noticed Natasha
  5326 | D:4      | Killed Natasha
  5541 | D:4      | Found Aleigi's Book Shop.
  5555 | D:4      | Noticed Menkaure
  5558 | D:4      | Killed Menkaure
  5558 | D:4      | Reached skill level 8 in Air Magic
  5718 | D:4      | Noticed Dowan
  5743 | D:4      | Killed Dowan
  5743 | D:4      | Reached XP level 8. HP: 45/52 MP: 0/15
  5844 | D:4      | Noticed Duvessa
  6112 | D:4      | Killed Duvessa
  6112 | D:4      | Reached skill level 9 in Air Magic
  6412 | D:4      | Noticed Natasha
  6413 | D:4      | Killed Natasha
  6965 | D:5      | Noticed Oozefury's ghost (novice BaTm)
  7120 | D:5      | Killed Oozefury's ghost
  7120 | D:5      | Reached ** piety under Sif Muna
  7120 | D:5      | Reached skill level 10 in Air Magic
  7295 | D:5      | Found a runed door.
  7295 | D:5      | Found a basalt altar of Yredelemnul.
  7443 | D:5      | Reached XP level 9. HP: 55/57 MP: 1/18
  7580 | D:6      | Found a staircase to the Ecumenical Temple.
  7742 | D:6      | Noticed xccam's ghost (novice FoFi)
  7749 | D:6      | Killed xccam's ghost
  7749 | D:6      | Reached *** piety under Sif Muna
  7749 | D:6      | Reached skill level 11 in Air Magic
  8511 | D:7      | Noticed Prince Ribbit
  8514 | D:7      | Killed Prince Ribbit
  8704 | D:7      | Found Cipnuaf's Antique Weapon Shoppe.
  8900 | D:7      | Reached skill level 12 in Air Magic
  9123 | D:8      | Identified Zerheuta's Almanac of Weightlessness
  9265 | D:8      | Found a shadowy altar of Dithmenos.
  9290 | D:8      | Reached XP level 10. HP: 53/63 MP: 0/22
  9301 | D:8      | Found a stormy altar of Qazlal.
  9478 | D:8      | Got a warped ring mail
  9600 | D:8      | Reached **** piety under Sif Muna
  9768 | D:8      | Reached skill level 13 in Air Magic
 10065 | D:9      | Noticed a two-headed ogre
 10167 | D:9      | Found a sparkling altar of Nemelex Xobeh.
 10717 | D:9      | Killed a two-headed ogre
 10717 | D:9      | Reached ***** piety under Sif Muna
 10807 | D:9      | Found a staircase to the Orcish Mines.
 10883 | D:9      | Identified Sif Muna's Tome of Execration and Weightlessness (Sif Muna gifted it to you on level 9 of the Dungeon)
 10883 | D:9      | Received a gift from Sif Muna
 10909 | D:9      | Learned a level 4 spell: Summon Lightning Spire
 10913 | D:9      | Learned a level 3 spell: Mephitic Cloud
 11049 | D:9      | Reached skill level 1 in Invocations
 11517 | D:9      | Identified the +5 ring mail of Time Monsters {+Inv MR++ MP+9} (You found it on level 8 of the Dungeon)
 11585 | D:10     | Entered Level 10 of the Dungeon
 11602 | D:10     | Reached XP level 11. HP: 68/68 MP: 11/24
 11692 | D:10     | Found a portal to a secret trove of treasure.
 11754 | D:10     | Noticed Urug
 11765 | D:10     | Killed Urug
 11765 | D:10     | Reached skill level 5 in Invocations
 11931 | D:10     | Killed an unseen horror
 12380 | D:10     | Noticed Josephine
 12390 | D:10     | Killed Josephine
 12395 | D:10     | Noticed a two-headed ogre
 12401 | D:10     | Noticed a two-headed ogre
 12402 | D:10     | Killed a two-headed ogre
 12415 | D:10     | Killed a two-headed ogre
 12757 | D:10     | Noticed a two-headed ogre
 12974 | D:10     | Killed a two-headed ogre
 13242 | D:11     | Reached skill level 10 in Spellcasting
 13248 | D:11     | Reached skill level 14 in Air Magic
 13395 | D:11     | Reached XP level 12. HP: 74/74 MP: 16/26
 13399 | D:11     | Noticed Fannar
 13418 | D:11     | Killed Fannar
 13483 | D:11     | Noticed a two-headed ogre
 13579 | D:11     | Killed a two-headed ogre
 13799 | D:11     | Noticed a two-headed ogre
 13806 | D:11     | Killed a two-headed ogre
 14093 | D:11     | Found a staircase to the Lair.
 14149 | D:11     | Reached skill level 15 in Air Magic
 14174 | D:12     | Noticed a catoblepas
 14194 | D:12     | Killed a catoblepas
 14276 | D:12     | Got a steaming hunting sling
 14386 | D:12     | Identified the +6 hunting sling of Muac {venom, rPois} (You found it on level 12 of the Dungeon)
 14387 | D:12     | Identified a scroll of acquirement {!r}
 14552 | D:12     | Found a flagged portal.
 14746 | Bailey   | Entered a bailey
 16907 | D:12     | Got an ancient chain mail
 17008 | D:12     | Noticed Erolcha
 17014 | D:12     | Killed Erolcha
 17045 | D:12     | Noticed a two-headed ogre
 17098 | D:12     | Killed a two-headed ogre
 17098 | D:12     | Reached skill level 16 in Air Magic
 17174 | D:12     | Identified the +4 chain mail of Past Mistakes {*Corrode +Inv rF++ rC+} (You took it off a kobold on level 12 of the Dungeon)
 17379 | D:12     | Identified Tajiqakk's Grimoire of Creation (Sif Muna gifted it to you on level 12 of the Dungeon)
 17379 | D:12     | Received a gift from Sif Muna
 17396 | D:12     | Reached skill level 1 in Fighting
 17506 | D:13     | Noticed a two-headed ogre
 17512 | D:13     | Killed a two-headed ogre
 17649 | D:13     | Gained mutation: You can hop long distances. [Barachi growth]
 17649 | D:13     | Reached XP level 13. HP: 81/86 MP: 3/28
 18291 | D:13     | Noticed Erica
 18769 | D:13     | Killed Erica
 19434 | D:13     | Noticed a vault guard
 19518 | D:13     | Noticed a vault guard
 19519 | D:13     | Killed a vault guard
 19803 | D:13     | Killed a vault guard
 19828 | D:13     | Noticed a vault guard
 19864 | D:13     | Killed a vault guard
 20627 | D:13     | Found Ucrasi's Magic Scroll Emporium.
 20630 | D:13     | Bought a scroll of fear for 49 gold pieces
 20630 | D:13     | Bought a scroll of noise for 14 gold pieces
 20710 | D:13     | Found a gate to the Vaults.
 20710 | D:13     | Noticed a vault guard
 20745 | D:13     | Killed a vault guard
 20886 | D:14     | Identified Sif Muna's Volume of Unstable Boosts (Sif Muna gifted it to you on level 14 of the Dungeon)
 20886 | D:14     | Received a gift from Sif Muna
 21055 | D:14     | Noticed Kirke
 21070 | D:14     | Killed Kirke
 21070 | D:14     | Reached skill level 5 in Dodging
 21070 | D:14     | Reached skill level 5 in Shields
 21070 | D:14     | Reached XP level 14. HP: 60/96 MP: 25/32
 21499 | D:14     | Learned a level 2 spell: Blink
 21501 | D:14     | Learned a level 1 spell: Confusing Touch
 21505 | D:14     | Learned a level 3 spell: Regeneration
 21511 | D:14     | Learned a level 5 spell: Lightning Bolt
 21518 | D:14     | Learned a level 6 spell: Conjure Ball Lightning
 21606 | D:14     | HP: 3/95 [slime creature (5)]
 22187 | D:14     | HP: 1/95 [very large slime creature (38)]
 22568 | D:14     | Reached skill level 5 in Fighting
 22712 | D:14     | Found a shattered altar of Ashenzari.
 22728 | D:14     | Noticed Agnes
 22744 | D:15     | Entered Level 15 of the Dungeon
 23469 | D:15     | Noticed Nessos
 23477 | D:15     | Killed Nessos
 23836 | D:15     | Noticed Louise
 23869 | D:15     | Killed Louise
 24536 | D:15     | Found a staircase to the Depths.
 24769 | D:15     | Reached skill level 15 in Spellcasting
 24779 | D:15     | Learned a level 1 spell: Apportation
 25063 | D:14     | Killed Agnes
 25607 | D:14     | Got a distressingly furry buckler
 25618 | D:14     | Identified the cursed +0 buckler of Lies {rElec rN++ Str-3 Stlth+} (You found it on level 14 of the Dungeon)
 26536 | Orc:1    | Entered Level 1 of the Orcish Mines
 26783 | Orc:1    | Reached skill level 17 in Air Magic
 27168 | Orc:2    | Entered Level 2 of the Orcish Mines
 27364 | Orc:2    | Found a roughly hewn altar of Beogh.
 27408 | Orc:2    | Found a staircase to the Elven Halls.
 28410 | Orc:2    | Identified Hase's Tome of the Lethal Volcanoes (Sif Muna gifted it to you on level 2 of the Orcish Mines)
 28410 | Orc:2    | Received a gift from Sif Muna
 28773 | Orc:2    | Reached XP level 15. HP: 102/102 MP: 15/34
 28916 | Orc:2    | Found Tostratrif's Armour Shop.
 28916 | Orc:2    | Found Ymirchasm's Armour Boutique.
 28916 | Orc:2    | Found Deep's Distillery.
 28919 | Orc:2    | Found Ceus's Distillery.
 28926 | Orc:2    | Bought a potion of heal wounds for 70 gold pieces
 28928 | Orc:2    | Bought a potion of berserk rage for 50 gold pieces
 28930 | Orc:2    | Bought a +2 helmet for 214 gold pieces
 29399 | Elf:1    | Entered Level 1 of the Elven Halls
 29407 | Elf:1    | Reached skill level 18 in Air Magic
 29546 | Elf:1    | Found Goufet's Antique Armour Shop.
 29612 | Elf:1    | Found Kamavaor's Assorted Antiques.
 29755 | Elf:1    | Found a frozen archway.
 29893 | IceCv    | Entered an ice cave
 30344 | IceCv    | Learned a level 3 spell: Conjure Flame
 30465 | IceCv    | Got a distressingly furry leather armour
 31949 | IceCv    | Noticed an Ice Fiend
 32025 | IceCv    | Killed an Ice Fiend
 32025 | IceCv    | Reached skill level 19 in Air Magic
 32490 | IceCv    | Identified the +3 leather armour of Ohialoc {+Blink} (You found it in an ice cave)
 32757 | Elf:1    | Received a gift from Sif Muna
 33018 | Elf:1    | Found Gotapraje's Jewellery Boutique.
 33110 | Elf:1    | Found Cuirat's General Store.
 33112 | Elf:1    | Found Zeupnim's Jewellery Shop.
 33122 | Elf:1    | Bought a scroll of enchant armour for 75 gold pieces
 33123 | Elf:1    | Bought 2 potions of heal wounds for 100 gold pieces
 33123 | Elf:1    | Bought a scroll of fear for 35 gold pieces
 33128 | Elf:1    | Bought the ring "Ulaeseku" {MP+9 Str-4 Dex+7 Slay+2} for 798 gold pieces
 33399 | Elf:1    | Identified the Tome of Battle Magic
 33595 | Elf:2    | Got a fine plate armour
 33606 | Elf:2    | Identified the +2 plate armour of Boiling Hail {+Fly Str+2 Int+4 Dex-2} (You found it on level 2 of the Elven Halls)
 33834 | Elf:2    | Reached skill level 20 in Air Magic
 34303 | Elf:2    | Noticed a deep elf sorcerer
 34309 | Elf:2    | Killed a deep elf sorcerer
 34713 | Elf:2    | Found a runed gate.
 34713 | Elf:2    | Found a runed gate.
 34720 | Elf:2    | Found a runed gate.
 34783 | Elf:2    | Reached XP level 16. HP: 110/110 MP: 32/35
 36289 | Elf:2    | Noticed a deep elf blademaster
 36297 | Elf:2    | Killed a deep elf blademaster
 36640 | Elf:3    | Entered Level 3 of the Elven Halls
 37717 | Elf:3    | Found Untitaicw's Jewellery Shop.
 37717 | Elf:3    | Found Tanafrecu's Antique Armour Boutique.
 37718 | Elf:3    | Found Toumy's Weapon Shop.
 37724 | Elf:3    | Found Acrieror's Food Boutique.
 37736 | Elf:3    | Bought the amulet of Bigul {Spirit MR++ Str+3} for 827 gold pieces
 38035 | Elf:3    | Reached skill level 10 in Shields
 38226 | Elf:3    | Reached skill level 10 in Dodging
 38326 | Elf:3    | Noticed a deep elf blademaster
 38327 | Elf:3    | Noticed a deep elf blademaster
 38336 | Elf:3    | Noticed a deep elf master archer
 38476 | Elf:3    | Killed a deep elf blademaster
 38576 | Elf:3    | Noticed a deep elf blademaster
 38581 | Elf:3    | Killed a deep elf blademaster
 38704 | Elf:3    | Reached XP level 17. HP: 108/123 MP: 34/36
 38707 | Elf:3    | Noticed a deep elf master archer
 38717 | Elf:3    | Killed a deep elf master archer
 38910 | Elf:3    | Killed a deep elf blademaster
 39227 | Elf:3    | Killed a deep elf master archer
 39415 | Elf:3    | Noticed a deep elf blademaster
 39892 | Elf:3    | Found the +7 longbow "Piercer" {penet, EV-2}
 40116 | Elf:3    | Found the +4 Vampire's Tooth {vamp}
 40175 | Elf:3    | Identified the Disquisition on the Oath and Self-Improvement
 40191 | Elf:3    | Got a fine hunting sling
 40206 | Elf:3    | Learned a level 1 spell: Summon Butterflies
 40270 | Elf:3    | Identified the +3 hunting sling "Zexur" {freeze, rElec Str+3 Stlth-} (You found it on level 3 of the Elven Halls)
 40547 | Depths:1 | Identified a paperback manual
 40547 | Depths:1 | Entered Level 1 of the Depths
 40547 | Depths:1 | Found Tiunteg's Gadget Emporium.
 40547 | Depths:1 | Noticed a sphinx
 40551 | Depths:1 | Killed a sphinx
 42203 | D:15     | Reached skill level 10 in Fighting
 42921 | Depths:1 | Found Intaum's Antique Weapon Emporium.
 43467 | Depths:1 | Found a one-way gate leading to the halls of Pandemonium.
 44127 | Depths:1 | Found Efaj's Armour Shop.
 44136 | Depths:1 | Bought a scarf of repulsion for 204 gold pieces
 44163 | Depths:1 | Found Pyiroz's Weapon Shoppe.
 44200 | Depths:1 | Noticed a lich
 44214 | Depths:1 | Killed a lich
 44424 | Depths:1 | Found a gateway to Hell.
 44456 | Depths:1 | Found Zuohos's Assorted Antiques.
 44572 | Depths:1 | Reached XP level 18. HP: 135/135 MP: 33/37
 45190 | Depths:2 | Found a one-way gate to the infinite horrors of the Abyss.
 45665 | Depths:2 | Noticed Nikola
 45680 | Depths:1 | Killed Nikola
 46038 | Depths:1 | Learned a level 3 spell: Ozocubu's Armour
 46107 | Depths:2 | Noticed a tentacled monstrosity
 46124 | Depths:2 | Killed a tentacled monstrosity
 46906 | Depths:2 | Noticed Saint Roka
 47424 | Depths:2 | Noticed a quicksilver dragon
 47437 | Depths:2 | Killed a quicksilver dragon
 47584 | Depths:2 | Got a bound lead ring
 47638 | Depths:2 | Noticed a golden dragon
 48028 | Depths:2 | Reached skill level 15 in Dodging
 48837 | Depths:2 | Killed Saint Roka
 49441 | Depths:2 | Killed a golden dragon
 50185 | Depths:2 | Noticed a caustic shrike
 50190 | Depths:2 | Killed a caustic shrike
 50190 | Depths:2 | Reached skill level 15 in Fighting
 50190 | Depths:2 | Reached XP level 19. HP: 155/155 MP: 38/38
 50281 | Depths:2 | Noticed a juggernaut
 50295 | Depths:2 | Killed a juggernaut
 50654 | Depths:2 | Noticed a caustic shrike
 50659 | Depths:2 | Killed a caustic shrike
 51748 | Depths:2 | Identified the ring "Doicsue" {rElec rPois rF+ rN+ MR-} (You took it off a tengu reaver on level 2 of the Depths)
 52500 | Depths:3 | Noticed Bai Suzhen
 52527 | Depths:3 | Noticed a tentacled monstrosity
 52851 | Depths:2 | Learned a level 9 spell: Tornado
 52958 | Depths:3 | Killed Bai Suzhen
 52960 | Depths:3 | Noticed Aizul
 52973 | Depths:3 | Killed Aizul
 53182 | Depths:3 | Got a fine halberd
 53251 | Depths:3 | Killed a tentacled monstrosity
 53848 | Depths:3 | Identified Bayckauha's Disquisition on Confrontation (Sif Muna gifted it to you on level 3 of the Depths)
 53848 | Depths:3 | Received a gift from Sif Muna
 53932 | Depths:3 | Noticed a caustic shrike
 53946 | Depths:3 | Reached skill level 21 in Air Magic
 53962 | Depths:3 | Killed a caustic shrike
 54462 | Depths:3 | Got a pair of heavily runed gloves
 54477 | Depths:3 | Identified the cursed +0 pair of gloves "Coel" {rElec} (You found it on level 3 of the Depths)
 55731 | Depths:4 | Noticed a tentacled monstrosity
 55743 | Depths:4 | Killed a tentacled monstrosity
 56708 | Depths:4 | Reached XP level 20. HP: 162/162 MP: 32/39
 58290 | Depths:5 | Entered Level 5 of the Depths
 58542 | Depths:5 | Reached skill level 15 in Shields
 58563 | Depths:5 | Noticed Xtahua
 60575 | Depths:5 | Found a runed door.
 60576 | Depths:5 | Noticed a caustic shrike
 60584 | Depths:5 | Killed a caustic shrike
 61254 | Depths:5 | Found a gateway to a ziggurat.
 61574 | Depths:5 | Killed Xtahua
 61574 | Depths:5 | Reached skill level 22 in Air Magic
 61593 | Depths:5 | Noticed a golden dragon
 62459 | Depths:5 | Identified Sif Muna's Almanac of Displacement and Arcane Weapons (Sif Muna gifted it to you on level 5 of the Depths)
 62459 | Depths:5 | Received a gift from Sif Muna
 62559 | Depths:5 | Found a corrupted altar of Lugonu.
 63131 | Depths:5 | Found a gate to the Realm of Zot.
 63485 | D:10     | You paid a toll of +3 storm dragon scales to enter a treasure trove
 63486 | Trove    | Entered a treasure trove
 63490 | Trove    | Found the ring of Phasing {EV+8}
 63498 | Trove    | Got a translucent golden amulet
 63500 | Trove    | Got a clouded pewter amulet
 63511 | Trove    | Got a faintly glowing ivory ring
 63515 | Trove    | Got a brightly glowing iron amulet
 63517 | Trove    | Got a brightly glowing iron ring
 63519 | Trove    | Got a scorched tin amulet
 63536 | D:10     | Identified the amulet "Faluam" {RegenMP rN++ Str+2 Stlth+} (You found it in a treasure trove)
 63538 | D:10     | Identified the ring "Geseet" {rPois Str+3 Int+3} (You found it in a treasure trove)
 63544 | D:10     | Identified the amulet "Kesmia Amuel" {Acrobat MR+ Int+4 Dex+3 Stlth-} (You found it in a treasure trove)
 63548 | D:10     | Identified the ring of Due Proportion {Ice Str+7 Stlth-} (You found it in a treasure trove)
 63550 | D:10     | Identified the amulet of Liweh {Faith *Corrode rF+ Int+2 Dex+4} (You found it in a treasure trove)
 63552 | D:10     | Identified the amulet "Hateuf" {+Rage rF+} (You found it in a treasure trove)
 63620 | Lair:1   | Entered Level 1 of the Lair of Beasts
 63997 | Lair:1   | Reached XP level 21. HP: 167/168 MP: 34/41
 66023 | Lair:3   | Found a staircase to the Shoals.
 66528 | Lair:3   | Found a hole to the Spider Nest.
 67139 | Lair:4   | Found a basalt altar of Yredelemnul.
 67193 | Lair:4   | Noticed Nergalle
 67197 | Lair:4   | Killed Nergalle
 68149 | Lair:5   | Identified Sif Muna's Collected Works on Weightlessness and Transmutation (Sif Muna gifted it to you on level 5 of the Lair of Beasts)
 68149 | Lair:5   | Received a gift from Sif Muna
 68542 | Lair:5   | Got a heavily jewelled robe
 68664 | Lair:5   | Identified the +2 robe "Yqurgh" {Dex+3} (You found it on level 5 of the Lair of Beasts)
 68711 | Lair:6   | Entered Level 6 of the Lair of Beasts
 69349 | Lair:6   | Reached skill level 23 in Air Magic
 69745 | Lair:6   | Found a staircase to the Slime Pits.
 69987 | Lair:6   | Found a burning altar of Makhleb.
 70011 | Lair:6   | Reached skill level 1 in Staves
 70011 | Lair:6   | Reached skill level 1 in Evocations
 71259 | Spider:1 | Entered Level 1 of the Spider Nest
 71262 | Spider:1 | Received a gift from Sif Muna
 71264 | Spider:1 | Noticed Frances
 71278 | Lair:3   | Killed Frances
 72476 | Spider:1 | Noticed Rupert
 72483 | Spider:1 | Killed Rupert
 74146 | Spider:2 | Got a faintly glowing spear
 75780 | Spider:3 | Reached XP level 22. HP: 175/175 MP: 30/43
 75785 | Spider:3 | Noticed Arachne
 75802 | Spider:3 | Received a gift from Sif Muna
 75802 | Spider:3 | Reached skill level 5 in Staves
 75993 | Spider:3 | Killed Arachne
 76609 | Spider:4 | Entered Level 4 of the Spider Nest
 77745 | Spider:4 | Reached skill level 24 in Air Magic
 78118 | Spider:4 | Reached skill level 1 in Hexes
 79039 | Spider:4 | Got a gossamer rune of Zot
 79298 | Shoals:1 | Entered Level 1 of the Shoals
 79693 | Shoals:1 | Identified Ereshkigal's Grimoire of Sinister Conjuration (Sif Muna gifted it to you on level 1 of the Shoals)
 79693 | Shoals:1 | Received a gift from Sif Muna
 80297 | Shoals:2 | Identified the +4 spear "Wopsuos" {venom, rF- rC+ Str+4} (You found it on level 2 of the Spider Nest)
 80814 | Shoals:2 | Slain by a tentacle

Vault maps used:
D:1:      minmay_arrival_jagged, minmay_tetromino_s4
D:2:      kennysheep_potato
D:3:      minmay_roachtagon, tgw_sif
D:4:      amethyst_overflow_temple_binary, serial_shops, shop_statue,
          kennysheep_mini, nicolae_ossuary_entry_catacombs,
          minmay_splitting_lines, uniq_duvessa, uniq_blork_the_orc,
          uniq_natasha, uniq_menkaure
D:5:      first_ration, dk_yredelemnul_ordeal
D:6:      tso_altar, minmay_temple_entry_junction_2
D:7:      serial_shops, shop, uniq_prince_ribbit1
D:8:      nicolae_overflow_hidden_temple, hangedman_pestilent_swarm,
          grunt_dithmenos_smoke_and_mirrors
D:9:      nemelex_xobeh_ov_fountains_minmay,
          kennysheep_orc_monster_closet_entryway
D:10:     kennysheep_blocky_room, nicolae_trove_entry_diagonal, uniq_urug,
          uniq_josephine
D:11:     lair_entry_dummy, bh_circular_ruins, uniq_fannar
D:12:     enter_bailey_3, uniq_erolcha
D:13:     grunt_vaults_entry_fortified, serial_shops, nicolae_shop_behind_doors,
          sword_in_stone
D:14:     lemuel_crystal_altar, interstate_on_off, lemuel_nasty_fountain,
          uniq_kirke, uniq_agnes
D:15:     grunt_enter_depths_hoard, uniq_louise, uniq_nessos
Lair:1:   serial_bayou_pond_d, minmay_holes, infiniplex_staircase_pool
Lair:2:   minivault_24, serial_bayou_shore_b, minmay_lair_oklob_chamber
Lair:3:   minmay_shoals_entry_centaurs, dummy_spider_entry
Lair:4:   basic_altar, st_stairs_11, uniq_nergalle
Lair:5:   minmay_lair_venomous_thicket, st_stairs_9, serial_bayou_shore_b,
          grunt_megastairs_1
Lair:6:   evil_forest, nicolae_slime_entry_slimehenge, special_room,
          grunt_megastairs_2, serial_bayou_shore_a, infiniplex_staircase_pool_2
Shoals:2: nicolae_shoals_kraken_party
Spider:1: hangedman_spider_tarantella_strand, uniq_rupert, uniq_frances
Spider:2: worms_lemuel
Spider:3: spider_trap, uniq_arachne
Spider:4: grunt_spider_rune_circles
Orc:2:    st_orc_mages, basic_altar
Elf:1:    eino_elf_arrival_the_gate, portal_ice_cave_entry_pillars_2,
          serial_shops, shop_fountains, shop_coins, shop_coins, shop_statue,
          nicolae_shop_behind_doors, minmay_elf_annihilation, hex_medium
Elf:3:    minmay_elf_hall_circle, minmay_shoptagon
Depths:1: serial_shops, nicolae_shop_crystal, shop, kennysheep_little_box,
          nicolae_shop_stone, nicolae_shop_trees, grunt_hell_horde,
          rand_demon_pan_entry_5, item_on_display_b, serial_bayou_shore_b
Depths:2: angbandy_vault, rand_demon_pan_entry_8,
          nicolae_abyss_entry_one_way_or_another, nrook_mini_vaults, hell_entry,
          st_stairs_9, infiniplex_staircase_zigzag_4, uniq_saint_roka,
          uniq_nikola
Depths:3: minmay_shrinking_squares, hangedman_abyss_entry_splay, pan_entry,
          grunt_hell_entry_dis_grunt, stair_cage_cross,
          hangedman_stitches_earthworm, uniq_bai_suzhen, uniq_aizul
Depths:4: kennysheep_scales, pf_vacation_house_of_asmodeus,
          abyss_entry_small_statue_room, grunt_decor_resistance,
          minmay_staircase_windowed_small
Depths:5: grunt_bruiser_brothers, enter_ziggurat_e, abyss_entry_flame_altar,
          hell_entry, kennysheep_treasure_room, uniq_xtahua
Trove:    trove_jewel_1
Ossuary:  ossuary_tomb_1
Bailey:   bailey_polearm_gnolls_kennysheep, bailey
IceCv:    ice_cave_caverns_02

Skill      XL: |  1  2  3  4  5  6  7  8  9 10 11 12 13 14 15 16 17 18 19 20 21 22 |
---------------+-------------------------------------------------------------------+-----
Spellcasting   | 3 4 5 6 8 9 10 11 14 15 16 17 | 17.9
Air Magic      | 5 7 8 10 12 13 14 16 17 20 21 22 23 24 | 24.3
Invocations    | 3 8 |  8.0
Shields        | 4 5 6 10 12 13 15 | 15.0
Fighting       | 3 4 5 8 10 15 | 15.1
Dodging        | 3 5 6 10 13 15 | 15.0
Staves         | 4 6 |  6.9
Evocations     | 1 |  1.5
Hexes          | 3 |  3.2
Stealth        | |  1.7
Conjurations   | |  1.1

Action                   |  1- 3 |  4- 6 |  7- 9 | 10-12 | 13-15 | 16-18 | 19-21 | 22-24 || total
-------------------------+-------+-------+-------+-------+-------+-------+-------+-------++-------
Melee: Unarmed           |     5 |       |       |       |       |       |       |       ||     5
       Dagger            |       |    19 |    11 |    41 |       |       |       |       ||    71
       Hunting sling     |       |       |       |       |     2 |       |       |       ||     2
       Scimitar          |       |       |       |       |       |     4 |       |       ||     4
       Staff             |       |       |       |       |       |    30 |   311 |   165 ||   506
       Quick blade       |       |       |       |       |       |     2 |       |       ||     2
 Fire: Hunting sling     |       |       |       |    20 |   402 |     2 |       |       ||   424
 Cast: Shock             |    65 |   216 |    20 |       |       |       |       |       ||   301
       Airstrike         |       |    13 |   155 |   501 |   815 |   874 |  1674 |   283 ||  4315
       Swiftness         |       |     1 |       |     3 |     2 |     6 |     1 |     1 ||    14
       Summon Lightning  |       |       |       |     2 |    15 |    71 |    33 |    10 ||   131
       Regeneration      |       |       |       |       |     7 |       |     4 |     8 ||    19
       Blink             |       |       |       |       |       |     2 |     4 |       ||     6
       Mephitic Cloud    |       |       |       |       |       |     1 |     2 |       ||     3
       Ozocubu's Armour  |       |       |       |       |       |     1 |       |       ||     1
       Tornado           |       |       |       |       |       |       |     2 |       ||     2
       Conjure Ball Ligh |       |       |       |       |       |       |     3 |       ||     3
Invok: Divine Energy     |       |       |     1 |       |       |       |       |       ||     1
       Channel Magic     |       |       |       |     8 |     9 |     6 |    12 |       ||    35
 Abil: Hop               |       |     2 |     2 |     9 |     9 |     5 |     8 |       ||    35
Evoke: Lamp of fire      |       |       |       |     1 |       |       |     2 |       ||     3
  Use: Scroll            |       |     4 |     8 |     9 |    11 |     7 |    28 |     1 ||    68
       Potion            |       |     3 |     1 |     4 |     3 |     4 |     4 |     1 ||    20
 Stab: Distracted        |       |       |       |       |       |     3 |     2 |     3 ||     8
       Petrified         |       |       |       |       |       |       |     6 |       ||     6
       Invisible         |       |       |       |       |       |       |     1 |       ||     1
       Sleeping          |       |       |       |       |       |       |     1 |       ||     1
  Eat: Chunk             |     2 |    11 |    30 |    50 |    29 |    29 |    46 |    14 ||   211
       Ration            |       |     1 |     2 |     3 |     9 |     6 |    13 |     1 ||    35
Armor: Robe              |     9 |     7 |    13 |    15 |    20 |    56 |   160 |    66 ||   346
       Skin              |       |       |       |   106 |       |       |       |       ||   106
       Ring mail         |       |       |       |    98 |   131 |       |       |       ||   229
Dodge: Dodged            |    15 |    55 |    50 |   145 |   229 |   457 |  1049 |   321 ||  2321
       Deflected         |       |       |       |       |       |    25 |    43 |     1 ||    69
Block: Buckler           |       |       |       |    39 |    94 |   183 |    50 |       ||   366
       Shield            |       |       |       |       |       |       |   375 |       ||   375
       Large shield      |       |       |       |       |       |       |   527 |   385 ||   912

Table legend:
 A = Spawn XP
 B = Non-spawn XP
 C = Spawn XP percentage of total XP
 D = Spawn monster count
 E = Non-spawn monster count
 F = Spawn count percentage of total count
 G = Total turns spent on level
                    A         B        C        D         E        F      G
               +---------+---------+-------+---------+---------+-------+---------
         Total |       0 |  652822 |   0.0 |       0 |    1615 |   0.0 | 80814
               +---------+---------+-------+---------+---------+-------+---------
           D:1 |       0 |      44 |   0.0 |       0 |      23 |   0.0 |  1125
           D:2 |       0 |     102 |   0.0 |       0 |      28 |   0.0 |  1297
           D:3 |       0 |     134 |   0.0 |       0 |      36 |   0.0 |  1712
           D:4 |       0 |     937 |   0.0 |       0 |      39 |   0.0 |  2289
           D:5 |       0 |    1038 |   0.0 |       0 |      23 |   0.0 |   962
           D:6 |       0 |    1318 |   0.0 |       0 |      27 |   0.0 |  1178
           D:7 |       0 |     534 |   0.0 |       0 |      10 |   0.0 |   809
           D:8 |       0 |    1724 |   0.0 |       0 |      19 |   0.0 |  1343
           D:9 |       0 |    4014 |   0.0 |       0 |      45 |   0.0 |  1962
          D:10 |       0 |    8612 |   0.0 |       0 |      48 |   0.0 |  1580
          D:11 |       0 |    4045 |   0.0 |       0 |      24 |   0.0 |  1241
          D:12 |       0 |    9318 |   0.0 |       0 |      45 |   0.0 |  1935
          D:13 |       0 |   16548 |   0.0 |       0 |      49 |   0.0 |  3203
          D:14 |       0 |   17305 |   0.0 |       0 |      46 |   0.0 |  2967
          D:15 |       0 |   21073 |   0.0 |       0 |      35 |   0.0 |  4344
        Lair:1 |       0 |    6010 |   0.0 |       0 |      28 |   0.0 |   889
        Lair:2 |       0 |    4158 |   0.0 |       0 |      20 |   0.0 |   799
        Lair:3 |       0 |   12598 |   0.0 |       0 |      33 |   0.0 |  1969
        Lair:4 |       0 |    6660 |   0.0 |       0 |      12 |   0.0 |   762
        Lair:5 |       0 |    6927 |   0.0 |       0 |      36 |   0.0 |  1680
        Lair:6 |       0 |   30118 |   0.0 |       0 |      96 |   0.0 |  1817
      Shoals:1 |       0 |    7616 |   0.0 |       0 |      15 |   0.0 |   793
      Shoals:2 |       0 |    3848 |   0.0 |       0 |       9 |   0.0 |   522
      Spider:1 |       0 |   15226 |   0.0 |       0 |      33 |   0.0 |  1633
      Spider:2 |       0 |   18144 |   0.0 |       0 |      57 |   0.0 |  2009
      Spider:3 |       0 |   17731 |   0.0 |       0 |      40 |   0.0 |  1584
      Spider:4 |       0 |   35334 |   0.0 |       0 |      67 |   0.0 |  2616
         Orc:1 |       0 |    1990 |   0.0 |       0 |      22 |   0.0 |   661
         Orc:2 |       0 |    9482 |   0.0 |       0 |      89 |   0.0 |  2140
         Elf:1 |       0 |   19177 |   0.0 |       0 |      33 |   0.0 |  1721
         Elf:2 |       0 |   42619 |   0.0 |       0 |      58 |   0.0 |  3076
         Elf:3 |       0 |   48315 |   0.0 |       0 |      52 |   0.0 |  3204
      Depths:1 |       0 |   34175 |   0.0 |       0 |      61 |   0.0 |  4063
      Depths:2 |       0 |   85274 |   0.0 |       0 |      93 |   0.0 |  5626
      Depths:3 |       0 |   36865 |   0.0 |       0 |      32 |   0.0 |  3160
      Depths:4 |       0 |   58860 |   0.0 |       0 |      67 |   0.0 |  5477
      Depths:5 |       0 |   54651 |   0.0 |       0 |      58 |   0.0 |  2341
       Ossuary |       0 |      22 |   0.0 |       0 |      22 |   0.0 |   358
        Bailey |       0 |    1227 |   0.0 |       0 |      30 |   0.0 |  1073
         IceCv |       0 |    9049 |   0.0 |       0 |      55 |   0.0 |  2846
               +---------+---------+-------+---------+---------+-------+---------
